 Dungeon Crawl Stone Soup version 0.19-a0-994-g3c636f0 (webtiles) character file.

51 Leszczynek the Ducker (level 4, -11/49 HPs)
             Began as a Human Enchanter on July 17, 2016.
             Was an Initiate of Trog.
             Killed from afar by an orc wizard (12 damage)
             ... with a puff of flame
             ... on level 3 of the Dungeon.
             The game lasted 00:08:23 (1496 turns).

Leszczynek the Ducker (Human Enchanter)             Turns: 1496, Time: 00:08:23

Health: -11/49     AC: 22    Str:  9    XL:     4   Next: 7%
Magic:  7/7        EV:  4    Int: 16    God:    Trog [......]
Gold:   39         SH:  0    Dex: 13    Spells: 2 memorised, 3 levels left

rFire  . . .     SeeInvis .     k - +0 short sword
rCold  . . .     Gourm    .     (armour currently unavailable)
rNeg   + + +     Faith    .     (no shield)
rPois  +         Spirit   .     (helmet currently unavailable)
rElec  .         Dismiss  .     (cloak currently unavailable)
rCorr  .         Reflect  .     (gloves currently unavailable)
SustAt .         Harm     .     (boots currently unavailable)
MR     .....     NoTele   +     (no amulet)
Stlth  +++.......               (no ring)
                                f - ring of poison resistance

@: tree-form, not resistant to hostile enchantments, fairly stealthy
A: repulsion field 1, (fire resistance 0), (poison resistance)
a: Burn Spellbooks, Renounce Religion


You were on level 3 of the Dungeon.
You worshipped Trog.
Trog was noncommittal.
You were hungry.
You were a tree.
You visited 1 branch of the dungeon, and saw 4 of its levels.

You collected 39 gold pieces.

Inventory:

Hand Weapons
 a - a +1 dagger
 k - a +0 short sword (weapon)
 o - a +0 whip
 s - a +0 mace
Missiles
 p - 28 sling bullets
Armour
 b - a +1 robe (melded)
 n - a +0 cloak (melded)
Jewellery
 f - a ring of poison resistance (left branch)
Scrolls
 e - a scroll of enchant armour {unknown}
 g - 2 scrolls of fear {unknown}
 j - 2 scrolls of remove curse {unknown}
 q - a scroll of fog {unknown}
 r - a scroll of random uselessness {unknown}
 u - a scroll of enchant weapon {unknown}
 v - 2 scrolls of identify {unknown}
Books
 c - a book of Maledictions

   Spells                             Type                      Level
   a - Corona                         Hexes                        1
   b - Ensorcelled Hibernation        Hexes/Ice                    2
   c - Confuse                        Hexes                        3
   d - Tukima's Dance                 Hexes                        3
   e - Dazzling Spray                 Conjuration/Hexes            3
   Trog disapproves of the use of such an item.
Comestibles
 d - 2 bread rations
 l - 3 fruits
 m - 8 chunks of flesh


   Skills:
 - Level 1.8 Fighting
 - Level 1.0 Short Blades
 * Level 0.6 Maces & Flails
 - Level 3.2 Dodging
 - Level 3.0 Stealth
 - Level 2.0 Spellcasting
 - Level 3.0 Hexes


You had 3 spell levels left.
You knew the following spells:

 Your Spells              Type           Power        Failure   Level  Hunger
a - Corona                Hex            ##.....      8%          1    #......
b - Confuse               Hex            ##......     17%         3    ###....


Dungeon Overview and Level Annotations

Branches:
Dungeon (4/15)
 Temple: D:4-7

Altars:
Dithmenos
Trog

Annotations:
D:3 Rationalist's ghost, amateur FoFi


Innate Abilities, Weirdness & Mutations

You are surrounded by a mild repulsion field. (EV +2)
((Your flesh is heat resistant. (rF+)))
((Your system is resistant to poisons. (rPois)))


Message History

A puff of flame appears from out of thin air!
Helpless, you fail to dodge the puff of flame.
Something hits you.
* * * LOW HITPOINT WARNING * * *
You barely miss something. Something hits you but does no damage.
You miss something. Something hits you but does no damage. Something hits you.
* * * LOW HITPOINT WARNING * * *
You miss something.
You hear some strange, mumbled words.
A puff of flame appears from out of thin air!
Helpless, you fail to dodge the puff of flame.
You hear some strange, mumbled words.
A puff of flame appears from out of thin air!
The puff of flame hits you!
* * * LOW HITPOINT WARNING * * *
You hit something but do no damage.
You hear some strange, mumbled words.
A puff of flame appears from out of thin air!
The puff of flame hits you!
You die...

#..#.....>.......
#..#.#..##.......#####
#<÷#.#.W# #......W.<.#
#..#.#..#####....##.....
#..#.#.........#. #.....
#..#.#..######.#. ......
#..#.#..######.#. ......
##..#.#.{.......#....)#!#
#.......♣.......#.......#
##.##.#########.#####....
#.......).........
######.########.#
#..............##
#.###............
####.........
#.....#########
#.....o.......#


You could see Rationalist's ghost.

Vanquished Creatures
  A giant gecko (D:1)
  2 bats (D:1)
  3 giant cockroaches
  6 hobgoblins
  11 jackals
  7 kobolds
  7 goblins
  6 rats
43 creatures vanquished.

Notes
Turn   | Place    | Note
-------+----------+-------------------------------------------
     0 | D:1      | Leszczynek the Human Enchanter began the quest for the Orb.
     0 | D:1      | Reached XP level 1. HP: 13/13 MP: 3/3
   200 | D:1      | Reached XP level 2. HP: 10/20 MP: 1/5
   299 | D:1      | Reached skill level 1 in Fighting
   629 | D:1      | Reached XP level 3. HP: 23/26 MP: 6/6
   667 | D:1      | Reached skill level 3 in Dodging
   685 | D:1      | Learned a level 3 spell: Confuse
   967 | D:2      | Noticed a moth of wrath
   970 | D:2      | Found a bloodstained altar of Trog.
  1047 | D:2      | Became a worshipper of Trog the Wrathful
  1186 | D:2      | Found a shadowy altar of Dithmenos.
  1275 | D:3      | Noticed Rationalist's ghost (amateur FoFi)
  1340 | D:3      | Reached XP level 4. HP: 33/33 MP: 7/7
  1487 | D:3      | Gained mutation: Your flesh is heat resistant. (rF+) [potion of mutation]
  1487 | D:3      | Gained mutation: You are surrounded by a mild repulsion field. (EV +2) [potion of mutation]
  1487 | D:3      | Gained mutation: Your system is resistant to poisons. (rPois) [potion of mutation]
  1495 | D:3      | HP: 1/49 [something/puff of flame (5)]
  1496 | D:3      | Killed from afar by an orc wizard

Vault maps used:
D:1:      shiori_arrival_maze, serial_bayou_pond_c
D:2:      marbit_many_paths, tgw_trog, grunt_dithmenos_smoke_and_mirrors
D:3:      old_standard_altar
D:4:      first_bread, nicolae_ossuary_entry_monument, uniq_robin

Skill      XL: |  1  2  3 |
---------------+----------+-----
Fighting       | 1 |  1.8
Dodging        | 3 |  3.2
Short Blades   | |  1.0
Maces & Flails | |  0.6
Stealth        | |  3.0
Spellcasting   | |  2.0
Hexes          | |  3.0

Action                   |  1- 3 |  4- 6 || total
-------------------------+-------+-------++-------
Melee: Dagger            |    57 |       ||    57
       Short sword       |    90 |    44 ||   134
 Cast: Corona            |    26 |       ||    26
  Use: Potion            |       |     3 ||     3
 Stab: Sleeping          |     2 |       ||     2
  Eat: Chunk             |     3 |       ||     3
Armor: Robe              |    42 |     9 ||    51
       Skin              |       |     7 ||     7
Dodge: Dodged            |   100 |    14 ||   114
